 Dungeon Crawl Stone Soup version 0.29-a0-559-g359e09b9d1 (webtiles) character file.

Game seed: 1587057436014185728

2391 spaghetti the Warrior (level 9, 0/118 HPs)
             Began as an Ogre Berserker on June 10, 2022.
             Was a Believer of Trog.
             Slain by a yak (12 damage)
             ... on level 7 of the Dungeon.
             The game lasted 00:07:37 (6434 turns).

spaghetti the Warrior (Ogre Berserker)              Turns: 6434, Time: 00:07:37

Health: 0/118      AC:  7    Str: 27    XL:     9   Next: 46%
Magic:  9/9        EV: 10    Int:  8    God:    Trog [**....]
Gold:   101        SH:  0    Dex:  8    Spells: 8/8 levels left

rFire   x . .      SeeInvis .   E - +3 trident (venom) {polearm}
rCold   . . .      Faith    .   (no shield)
rNeg    . . .      Spirit   .   b - +0 animal skin
rPois   +          Reflect  .   (helmet restricted)
rElec   .          Harm     .   (no cloak)
rCorr   +          Rampage  .   (gloves unavailable)
Will    ++...      Clarity  +   (boots unavailable)
Stlth   ++........              (no amulet)
HPRegen 1.29/turn               q - ring "Tonas" {rF- rCorr AC+4 Stlth+}
MPRegen 0.11/turn               y - ring of poison resistance

@: strong-willed, on berserk cooldown, regenerating, slowed, unable to read,
very slow
A: large, unfitting armour, tough skin 1, fangs 1, clarity, inability to read
while threatened, MP-powered wands
a: Renounce Religion, Berserk, Trog's Hand


You were on level 7 of the Dungeon.
You worshipped Trog.
Trog was pleased with you.
You visited 1 branch of the dungeon, and saw 7 of its levels.

You collected 355 gold pieces.
You spent 254 gold pieces at shops.


Innate Abilities, Weirdness & Mutations

You are too large for most types of armour.
You have tough skin. (AC +1)
You have very sharp teeth.
You possess an exceptional clarity of mind.
You sometimes lose the ability to read scrolls when taking damage.
You expend magic power (3 MP) to strengthen your wands.


   Skills:
 + Level 16.2 Fighting
 - Level 3.0 Polearms
 - Level 2.6 Dodging


You had 8 spell levels left.
You didn't know any spells.
Your spell library contained the following spells:

 Spells                   Type           Power      Damage    Failure   Level
 Apportation              Tloc           0%         N/A       41%         1
 Freeze                   Ice            0%         1d3       41%         1
 Necrotize                Necr           0%         1d4       41%         1
 Summon Small Mammal      Summ           0%         N/A       41%         1
 Static Discharge         Conj/Air       0%         N/A       54%         2
 Frozen Ramparts          Ice            0%         1d2       78%         3
 Vampiric Draining        Necr           0%         2d6       78%         3
 Dispel Undead            Necr           0%         3d6       99%         4
 Hailstorm                Conj/Ice       0%         3d3       99%         4
 Sticky Flame             Conj/Fire      0%         2d3       99%         4
 Agony                    Necr           0%         N/A       100%        5

Inventory:

Hand Weapons
 E - a +3 trident of venom (weapon) {polearm}
   (You bought it in a shop on level 3 of the Dungeon)
Missiles
 d - 4 javelins {throwing}
 g - 123 stones (quivered) {throwing}
 k - 2 boomerangs {throwing}
 x - 19 poisoned darts {throwing}
Armour
 b - a +0 animal skin (worn)
Jewellery
 j - a ring of ice
   (You found it on level 1 of the Dungeon)
 m - a ring of magical power
   (You found it on level 3 of the Dungeon)
 q - the ring "Tonas" (left hand) {rF- rCorr AC+4 Stlth+}
   (You found it on level 3 of the Dungeon)

   [ring of protection]

   AC:        It affects your AC (+4).
   rF:        It makes you vulnerable to fire.
   rCorr:     It protects you from acid and corrosion.
   Stlth:     It makes you more stealthy.
 s - a ring of resist corrosion
   (You found it on level 3 of the Dungeon)
 y - a ring of poison resistance (right hand)
   (You found it on level 4 of the Dungeon)
 D - an amulet of the acrobat
   (You found it on level 5 of the Dungeon)
 H - a ring of positive energy
   (You found it on level 7 of the Dungeon)
Wands
 c - a wand of iceblast (6)
   (You found it on level 4 of the Dungeon)
Scrolls
 a - a scroll of identify {@r1}
 i - a scroll of blinking {!r}
 l - a scroll of immolation {!r!r}
 o - 2 scrolls of poison
 r - a scroll of fear
 t - 3 scrolls of noise {!r}
 u - 2 scrolls of enchant armour
 v - 2 scrolls of teleportation {@r4}
 B - a scroll of vulnerability {!r!r}
 C - a scroll of brand weapon
 F - a scroll of silence {!r}
Potions
 e - 2 potions of brilliance {unknown}
 f - 2 potions of heal wounds {unknown}
 h - a potion of curing {unknown}
 n - a potion of berserk rage {unknown}
 p - 3 potions of flight {unknown}
 w - a potion of magic {unknown}
 z - a potion of degeneration {unknown}
 A - a potion of haste {unknown}
 G - a potion of might {unknown}

Dungeon Overview and Level Annotations

Branches:
Dungeon (7/15)             Temple (0/1) D:7

Altars:
Cheibriados
Elyvilon
Gozag
Kikubaaqudgha
Nemelex Xobeh
Ru
Vehumet

Shops:
D:3

(
#####.#.........##.####.#
## #...##...###[# #.# .#
#.. #...###.####.# .## #.
#............# ..# #
....##.####### #.#
###+###.# #.# #.....#.#
#.# #.###.#†###### #.#
+.#>#†@......# #.#
#.#+#Y######.# #.. .....
### ###+## .


You could see a yak (very poisoned).


Message History

You take 17 damage, and now have 74/115 hp.
You are too injured to fight recklessly!
A red film seems to cover your vision as you go berserk!
You feel yourself moving faster!
You feel mighty! The yak closely misses you. The yak gores you. x2 😮 HP[+29]
You now have 172 max hp (+57).
You regained 29 hp, and now have 103/172 hp.
You puncture the yak!
The yak looks as sick as possible!
The yak barely misses you. The yak closely misses you.
The yak gores you. 😮 HP[-5]
You take 5 damage, and now have 98/172 hp.
You impale the yak!!
The yak looks as sick as possible!
You hit the yak.
You kill the yak!
Trog accepts your kill. The yak gores you but does no damage.
The yak gores you! 😮 HP[-9]
You take 9 damage, and now have 89/172 hp.
You puncture the yak!
The yak looks as sick as possible!
The yak gores you. The yak barely misses you. 😮 HP[-2]
You take 2 damage, and now have 87/172 hp.
You barely miss the yak. The yak closely misses you. The yak gores you!
* * * LOW HITPOINT WARNING * * *
😨 HP[-14]
You take 14 damage, and now have 73/172 hp.
You hit the yak.
The yak looks as sick as possible!
You bite the yak. The yak misses you. The yak gores you.
* * * LOW HITPOINT WARNING * * *
The yak gores you but does no damage. 😨 HP[-5]
You take 5 damage, and now have 68/172 hp.
You hit the yak.
The yak looks as sick as possible!
You puncture the yak!
You kill the yak!
Trog accepts your kill. The yak barely misses you. The yak gores you.
* * * LOW HITPOINT WARNING * * *
You now have 177 max hp (+5).
You closely miss the yak. The yak gores you!
* * * LOW HITPOINT WARNING * * *
The yak gores you.
* * * LOW HITPOINT WARNING * * *
The yak gores you!
* * * LOW HITPOINT WARNING * * *
😱 HP[-25]
You take 25 damage, and now have 43/177 hp.
You puncture the yak! You bite the yak. The yak closely misses you.
The yak completely misses you.
The yak barely misses you. 😱 HP[+1] Unknown command.
Unknown command.
You impale the yak!!
You kill the yak!
Trog accepts your kill.
You barely miss the yak. You bite the yak. The yak gores you!
* * * LOW HITPOINT WARNING * * *
The yak closely misses you. 😱 HP[-13]
You take 13 damage, and now have 31/177 hp.
You barely miss the yak. You bite the yak! The yak gores you.
* * * LOW HITPOINT WARNING * * *
The yak closely misses you. 😱 HP[-5]
You take 5 damage, and now have 26/177 hp.
You barely miss the yak. The yak gores you.
* * * LOW HITPOINT WARNING * * *
The yak closely misses you. 😱 HP[-3]
You take 3 damage, and now have 23/177 hp.
You puncture the yak!
The yak looks as sick as possible!
The yak gores you but does no damage. The yak gores you.
* * * LOW HITPOINT WARNING * * *
😱 HP[-2]
You take 2 damage, and now have 21/177 hp.
You puncture the yak!
You kill the yak!
Trog accepts your kill. The yak gores you!
* * * LOW HITPOINT WARNING * * *
Your Fighting skill increases to level 16! 😱 HP[-6]
You take 6 damage, and now have 15/177 hp.
You puncture the yak!
The yak is poisoned.
You bite the yak! The yak closely misses you.
You completely miss the yak. You bite the yak!
You are no longer berserk.
You are exhausted.
You feel yourself slow down. 😱 HP[-5]
You now have 118 max hp (-59).
Okay, then.
You cannot read scrolls in your current state!
Unknown command.
Okay, then.
Your skin crawls.
You feel strong-willed. The yak completely misses you. The yak gores you!
You die...

Skill      XL: |  1  2  3  4  5  6  7  8  9 |
---------------+----------------------------+-----
Fighting       | 5 6 7 9 10 12 14 16 | 16.2
Polearms       | |  3.0
Dodging        | |  2.6

Action                   |  1- 3 |  4- 6 |  7- 9 || total
-------------------------+-------+-------+-------++-------
Melee: Spear             |   121 |   195 |    42 ||   358
       Punch             |     1 |     2 |     1 ||     4
       Trident           |       |       |   124 ||   124
       Bite              |       |       |     7 ||     7
Throw: Stone             |       |    14 |     9 ||    23
Invok: Berserk           |     1 |     3 |     3 ||     7
       Trog's Hand       |       |     1 |     1 ||     2
  Use: Scroll            |       |     8 |     4 ||    12
       Potion            |       |       |     1 ||     1
 Stab: Sleeping          |     1 |     8 |     2 ||    11
       Distracted        |       |       |     1 ||     1
Armor: Animal skin       |    24 |    75 |    36 ||   135
Dodge: Dodged            |    45 |    91 |    70 ||   206

Levels and vault maps discovered:
D:1:      dpeg_chamrin_arrival_tetris, layout_basic, basic_ecumenical_altar
D:2:      layout_loops_ring
D:3:      layout_loops_ring, serial_glass, glass_columns_a, glass_columns_c,
          serial_shops, shop
D:4:      layout_gridville, nemelex_xobeh_ov_fountains_minmay,
          minmay_fractal_squares_diagonal_5
D:5:      layout_basic, grunt_temple_overflow_diamond
D:6:      layout_rooms, kennysheep_slug_shrine, kennysheep_mini_moat,
          lemuel_tele_altar, serial_undead, serial_undead_c, serial_undead_b,
          serial_undead_c, serial_undead_f, dreamdust_princess_bridge,
          uniq_grinder
D:7:      layout_basic, mainiacjoe_overflow_24_doors,
          minmay_temple_entry_glassed_door, gammafunk_ghost_hive,
          serial_co_window_serial, co_window_of_opportunity_a,
          co_window_paths_a, co_window_of_opportunity_a,
          co_window_of_opportunity_a, co_window_paths_b, co_window_corner_a,
          co_window_of_opportunity_b, co_window_2corner, co_window_2corner,
          co_window_4corner_b, co_window_paths_d, glass_columns_a,
          glass_columns_b

Notes
Turn   | Place    | Note
-------+----------+-------------------------------------------
     0 | D:1      | spaghetti the Ogre Berserker began the quest for the Orb.
     0 | D:1      | Reached XP level 1. HP: 24/24 MP: 1/1
     0 | D:1      | magus.rc [v1.9.6]
   212 | D:1      | Reached XP level 2. HP: 32/33 MP: 2/2
   236 | D:1      | Found a faded altar of an unknown god.
   242 | D:1      | Reached skill level 5 in Fighting
   741 | D:1      | Reached XP level 3. HP: 42/42 MP: 3/3
  1710 | D:3      | Found Cilinn's Weapon Shoppe.
  1738 | D:3      | Reached skill level 6 in Fighting
  1739 | D:3      | HP: 16/66 [orc/+0 hand axe (3)]
  1741 | D:3      | Reached ** piety under Trog
  1744 | D:3      | HP: 10/66 [orc/+0 hand axe (2)]
  2013 | D:3      | You pick up a book of Touch {forbidden} and begin
                  | reading...
  2013 | D:3      | You add the spells Static Discharge, Sticky Flame and
                  | Dispel Undead to your library.
  2064 | D:3      | Reached XP level 4. HP: 49/53 MP: 4/4
  2373 | D:3      | Identified the ring "Tonas" {rF- rCorr AC+4 Stlth+}
  2528 | D:3      | Reached skill level 7 in Fighting
  2528 | D:3      | Reached XP level 5. HP: 62/62 MP: 5/5
  2617 | D:3      | You pick up a book of Cantrips {forbidden} and begin
                  | reading...
  2617 | D:3      | You add the spells Necrotize, Summon Small Mammal and
                  | Apportation to your library.
  2798 | D:4      | Noticed a kobold brigand
  2823 | D:4      | Reached skill level 8 in Fighting
  2830 | D:4      | Killed a kobold brigand
  2831 | D:4      | Reached skill level 9 in Fighting
  2831 | D:4      | Reached XP level 6. HP: 75/75 MP: 6/6
  3190 | D:4      | Found a sparkling altar of Nemelex Xobeh.
  3697 | D:5      | Entered Level 5 of the Dungeon
  3714 | D:5      | Reached skill level 10 in Fighting
  3714 | D:5      | Reached XP level 7. HP: 51/87 MP: 7/7
  3964 | D:5      | You pick up a book of Necromancy {forbidden} and begin
                  | reading...
  3964 | D:5      | You add the spells Vampiric Draining and Agony to your
                  | library.
  3968 | D:5      | You pick up a book of Touch {forbidden} and begin
                  | reading...
  3974 | D:5      | Found an ancient bone altar of Kikubaaqudgha.
  3977 | D:5      | Found a radiant altar of Vehumet.
  3982 | D:5      | Found a white marble altar of Elyvilon.
  4033 | D:5      | Reached skill level 11 in Fighting
  4588 | D:3      | Bought a +3 trident of venom for 254 gold pieces
  4793 | D:5      | HP: 10/89 [ogre/+0 giant club (26)]
  4795 | D:5      | Reached skill level 12 in Fighting
  4795 | D:5      | Reached XP level 8. HP: 11/98 MP: 8/8
  5299 | D:6      | You pick up a book of Frost {forbidden} and begin
                  | reading...
  5299 | D:6      | You add the spells Freeze, Frozen Ramparts and Hailstorm to
                  | your library.
  5313 | D:6      | Reached skill level 13 in Fighting
  5576 | D:6      | Noticed Grinder
  5588 | D:6      | Paralysed by Grinder for 4 turns
  5597 | D:6      | Killed Grinder
  5694 | D:6      | Reached skill level 14 in Fighting
  5753 | D:6      | Found an opulent altar of Gozag.
  5768 | D:6      | Identified the +3 leather armour of Tiowaopp {-Cast -Tele
                  | rElec Regen+}
  5841 | D:6      | Found a snail-covered altar of Cheibriados.
  5902 | D:6      | Found a sacrificial altar of Ru.
  6087 | D:6      | Gained mutation: You possess an exceptional clarity of
                  | mind. [potion of mutation]
  6087 | D:6      | Gained mutation: You sometimes lose the ability to read
                  | scrolls when taking damage. [potion of mutation]
  6087 | D:6      | Gained mutation: You have very sharp teeth. [potion of
                  | mutation]
  6087 | D:6      | Gained mutation: You expend magic power (3 MP) to
                  | strengthen your wands. [potion of mutation]
  6304 | D:7      | Reached XP level 9. HP: 107/114 MP: 9/9
  6405 | D:7      | Found a staircase to the Ecumenical Temple.
  6413 | D:7      | Reached skill level 15 in Fighting
  6424 | D:7      | HP: 43/177 [yak (9)]
  6429 | D:7      | HP: 23/177 [yak (3)]
  6432 | D:7      | Reached skill level 16 in Fighting
  6434 | D:7      | Slain by a yak

Vanquished Creatures
  Grinder (D:6)
  5 yaks (D:7)
  An orc warrior (D:6)
  3 ogres (D:5)
  2 kobold brigands
  2 necrophages
  2 scorpions
  A wyvern skeleton (D:6)
  2 electric eels (D:6)
  2 orc priests
  3 jellies
  A bullfrog skeleton (D:6)
  A centaur skeleton (D:6)
  4 hounds
  An iguana (D:6)
  A killer bee zombie (D:6)
  2 howler monkey zombies (D:6)
  4 gnolls (D:6)
  9 adders
  A white imp (D:6)
  An ufetubus (D:4)
  2 worms
  3 dart slugs
  11 orcs
  7 ball pythons
  7 endoplasms
  6 goblins
  3 hobgoblins (D:4)
  9 jackals
  7 kobolds
  2 quokkas (D:3)
  6 bats
  A frilled lizard (D:1)
  4 rats
117 creatures vanquished.

Vanquished Creatures (others)
  2 withered plants (D:6)
2 creatures vanquished.

Grand Total: 119 creatures vanquished

Table legend:
 A = Non-vault XP
 B = Vault XP
 C = Vault XP percentage of total XP
 D = Non-vault monster count
 E = Vault monster count
 F = Vault count percentage of total count
                 A         B        C        D         E       F
            +---------+---------+-------+---------+---------+-------
      Total |    2717 |     699 |  20.5 |     104 |      13 |  11.1
            +---------+---------+-------+---------+---------+-------
        D:1 |      40 |       0 |   0.0 |      23 |       0 |   0.0
        D:2 |      13 |       0 |   0.0 |       6 |       0 |   0.0
        D:3 |     141 |       0 |   0.0 |      20 |       0 |   0.0
        D:4 |     205 |     197 |  49.0 |      20 |       5 |  20.0
        D:5 |     675 |       0 |   0.0 |       9 |       0 |   0.0
        D:6 |     473 |     502 |  51.5 |      15 |       8 |  34.8
        D:7 |    1170 |       0 |   0.0 |      11 |       0 |   0.0
            +---------+---------+-------+---------+---------+-------

Illustrated notes

Table legend:
 A = Kills in this place as a percentage of kills in entire the game.
 B = Kills by you in this place as a percentage of kills by you in the entire game.
 C = Kills by friends in this place as a percentage of kills by friends in the entire game.
 D = Other kills in this place as a percentage of other kills in the entire game.
 E = Experience gained in this place as a percentage of experience gained in the entire game.
 F = Experience gained in this place divided by the number of levels of this place that you have seen.
                   A       B       C       D       E      F
               +-------+-------+-------+-------+-------+----------------------
         Total | 100.0 | 100.0 |   N/A |   N/A | 100.0 | 488.0
       Dungeon | 100.0 | 100.0 |   N/A |   N/A | 100.0 | 488.0
               +-------+-------+-------+-------+-------+----------------------

Table legend: (Time is in decaauts)
 A = Elapsed time spent in this place.
 B = Non-inter-level travel time spent in this place.
 C = Inter-level travel time spent in this place.
 D = Time resting spent in this place.
 E = Time spent auto-exploring this place.
 F = Levels seen in this place.
 G = Mean time per level.
                   A        B        C        D        E       F      G
               +--------+--------+--------+--------+--------+-----+--------+
         Total |   6488 |   6192 |    296 |    384 |   4936 |   7 |  926.9 |
       Dungeon |   6488 |   6192 |    296 |    384 |   4936 |   7 |  926.9 |
               +--------+--------+--------+--------+--------+-----+--------+

Top non-repeatable levels by time:
     D:5: 1363 daAuts
     D:3: 1188 daAuts
     D:1: 1008 daAuts
     D:4: 980 daAuts
     D:6: 945 daAuts
     D:2: 660 daAuts
     D:7: 341 daAuts
